 Dungeon Crawl Stone Soup version 0.29.1-13-g9f3cf754e1 (webtiles) character file.

Game seed: 12133006213547725380

13315 promet the Spear-Bearer (level 11, 0/104 HPs)
             Began as a Minotaur Fighter on Feb 8, 2023.
             Was an Initiate of Yredelemnul.
             Slain by an ice devil (23 damage)
             ... on level 2 of the Lair of Beasts on Feb 9, 2023.
             The game lasted 01:19:45 (13795 turns).

promet the Spear-Bearer (Minotaur Fighter)         Turns: 13795, Time: 01:19:58

Health: 0/104      AC: 17    Str: 23    XL:     11   Next: 74%
Magic:  10/10      EV:  9    Int:  7    God:    Yredelemnul [......]
Gold:   561        SH:  0    Dex: 10    Spells: 10/10 levels left

rFire   . . .      SeeInvis .   c - +1 war axe (spect)
rCold   . . .      Faith    .   (no shield)
rNeg    . . .      Spirit   .   n - +0 chain mail
rPois   .          Reflect  .   (helmet restricted)
rElec   .          Harm     .   U - +0 cloak
rCorr   .          Rampage  .   P - +0 pair of gloves
Will    +....                   A - +1 pair of boots
Stlth   ..........              (no amulet)
HPRegen 0.27/turn               (no ring)
MPRegen 0.12/turn               (no ring)

@: mighty
A: horns 2, retaliatory headbutt, strong-willed 1, sense surroundings 1
a: Renounce Religion, Recall Undead Harvest


You were on level 2 of the Lair of Beasts.
You worshipped Yredelemnul.
Yredelemnul was noncommittal.
You visited 3 branches of the dungeon, and saw 14 of its levels.
You also visited: Sewer.

You collected 794 gold pieces.
You spent 233 gold pieces at shops.

Inventory:

Hand Weapons
 a - a +2 scythe of venom
 b - a +0 shortbow
 c - a +1 spectral war axe (weapon)
 i - a +0 dagger of venom
 j - a +0 rapier
 l - a +0 mace
 m - a +2 antimagic spear
 t - a +1 whip of freezing
 v - a +4 dagger
 x - a +0 short sword of speed
 y - a +1 antimagic trident
 B - a +1 short sword of protection
 G - a +0 sling
 L - a +4 scimitar
 O - a +1 short sword of electrocution
 Q - a +1 scimitar of flaming
Missiles
 h - 109 stones
 k - 3 curare-tipped darts
 p - 9 poisoned darts
 J - 2 atropa-tipped darts
 N - 4 boomerangs (quivered)
Armour
 n - a +0 chain mail (worn)
 A - a +1 pair of boots (worn)
 E - a +1 buckler
 M - a +0 ring mail of fire resistance
 P - a +0 pair of gloves (worn)
 U - a +0 cloak (worn)
Magical Staves
 K - a staff of conjuration
Jewellery
 S - a ring of magical power
 Y - a ring of resist corrosion
Wands
 f - a wand of digging (8)
 g - a wand of flame (39)
 o - a wand of charming (4)
 r - a wand of iceblast (9)
 s - a wand of mindburst (11)
 R - a wand of light (5)
 T - a wand of polymorph (7)
Scrolls
 z - 7 scrolls of teleportation
 D - 2 scrolls of amnesia
 F - 2 scrolls of fear
 H - 2 scrolls of butterflies
 I - 2 scrolls of noise
 W - a scroll of poison
 X - a scroll of identify
Potions
 d - a potion of might
 e - 6 potions of curing
 q - a potion of flight
 u - 3 potions of haste
 w - 4 potions of heal wounds
 C - a potion of cancellation
 V - a potion of brilliance


   Skills:
 + Level 11.7 Fighting
 * Level 1.8 Long Blades
 + Level 8.6(11.4) Axes
 * Level 11.9(13.0) Polearms
 + Level 4.0 Ranged Weapons
 + Level 2.3 Throwing
 + Level 11.1 Armour
 + Level 4.1 Dodging
 + Level 1.2 Stealth
 + Level 4.1 Shields
 + Level 0.1 Unarmed Combat
 * Level 0.7 Invocations
 + Level 1.1 Evocations


You had 10 spell levels left.
You didn't know any spells.
Your spell library contained the following spells:

 Spells                   Type           Power      Damage    Failure   Level
 Ensorcelled Hibernation  Hex/Ice        0%         N/A       98%         2
 Passwall                 Tmut/Erth      0%         N/A       98%         2
 Spider Form              Tmut/Pois      0%         N/A       100%        3
 Swiftness                Air            0%         N/A       100%        3
 Anguish                  Hex/Necr       0%         N/A       100%        4


Dungeon Overview and Level Annotations

Branches:
Dungeon (11/15)            Temple (1/1) D:5            Lair (2/5) D:10
  Sewer (visited)
  Swamp: Lair:2-3    Shoals: Lair:2-3     Snake: Lair:2-3    Spider: Lair:2-3
    Orc: D:9-12

Altars:
Ashenzari
Cheibriados
Dithmenos
Elyvilon
Fedhas
Gozag
Hepliaklqana
Kikubaaqudgha
Makhleb
Nemelex Xobeh
Okawaru
Qazlal
Sif Muna
Trog
Vehumet
Wu Jian
Xom
Yredelemnul
Zin
The Shining One

Shops:
D:4 **   D:5 *   D:10 *


Innate Abilities, Weirdness & Mutations

You have a pair of horns on your head.
You reflexively headbutt those who attack you in melee.
You are strong-willed. (Will+)
You passively map a small area around you.


Message History

The ice devil is lightly wounded.
You slash the polar bear! x2; You slash the plant!
The plant begins to die.
Your +1 spectral war axe barely misses the polar bear.
Your +1 spectral war axe hits the ice devil.
The polar bear bites you.
The polar bear claws you but does no damage. x2
The polar bear bites you but does no damage.
The polar bear claws you but does no damage. x2
You closely miss the ice devil.
You headbutt the ice devil, but do no damage.
The ice devil is moderately wounded.
You hit the polar bear. You hit the plant. You hit the polar bear.
The ice devil hits you. The ice devil freezes you!
The polar bear bites you but does no damage.
The polar bear closely misses you. The polar bear claws you.
The polar bear barely misses you.
The polar bear claws you but does no damage. x2
You slash the ice devil!
The ice devil is heavily wounded.
You hit the plant. You hit the polar bear. x2
Your +1 spectral war axe hits the plant!
The ice devil hits you. The ice devil freezes you!!
The polar bear goes berserk!
The polar bear bites you but does no damage.
The polar bear claws you.
The polar bear claws you but does no damage.
You swap places.
A nearby plant withers and dies.
You hit the polar bear. You headbutt the polar bear!
The polar bear is almost dead.
You barely miss the ice devil.
Your +1 spectral war axe misses the ice devil.
Your +1 spectral war axe barely misses the polar bear.
The polar bear bites you!!
* * * LOW HITPOINT WARNING * * *
The polar bear claws you but does no damage. x2
The ice devil hits you.
* * * LOW HITPOINT WARNING * * *
The ice devil freezes you!!
You die...
Your body rises from the dead as a mindless zombie.

##........... ####
#............ #..###
#............ #..#P####
#P...........
#.....#.#####...........
#.........#.###.........
#....§.......#..........
#~~..Z4(................
#~~~~hh@.............#..
#≈≈~~~#........##.......
##~~~####.#..#.#........
#≈≈~~##P.#####....##...
#≈≈~~##### #####.#...
#~~~~~~* *,.. ..
#.≈h~~~# ...,. #~.~~~##
.... #..~~~P* ,


You could see 2 polar bears, an ice devil, an entropy weaver simulacrum and a
friendly +1 spectral war axe (summoned).

Vanquished Creatures
  A tengu warrior (D:9)
  Pikel (D:4)
  Joseph (D:8)
  Maggie (D:6)
  4 komodo dragons
  An unseen horror zombie (D:9)
  2 trolls
  Prince Ribbit (D:6)
  Grinder (D:6)
  A hornet (D:10)
  8 yaks
  Sigmund (D:5)
  4 wyverns
  A wraith (D:9)
  3 basilisks (D:10)
  3 steam dragons
  2 water moccasins
  3 orc warriors (D:7)
  A sky beast (D:7)
  2 black bears
  An ice beast (D:6)
  3 centaurs
  A phantom (D:5)
  Blork the orc (D:5)
  A necrophage (D:8)
  4 bullfrogs
  A gnoll sergeant (D:10)
  A kobold brigand (D:9)
  8 wights (D:9)
  14 killer bees
  3 howler monkeys
  2 centaur zombies (D:9)
  3 hounds
  A jelly (D:5)
  4 orc priests
  4 iguanas
  2 gnoll boudas
  10 orc wizards
  A hell rat (Sewer)
  2 howler monkey zombies (D:9)
  16 gnolls
  3 adders
  2 shadow imps
  A white imp (D:6)
  A worm (D:3)
  A dart slug (D:1)
  18 orcs
  A bat zombie (D:9)
  3 endoplasms
  3 giant cockroaches
  6 goblins
  3 hobgoblins (D:3)
  5 quokkas
  5 ball pythons
  3 bats
  10 kobolds
  8 rats
  3 rat zombies (D:9)
201 creatures vanquished.

Vanquished Creatures (collateral kills)
  Erica (D:10)
  2 cane toads (Lair:1)
  Psyche (D:8)
  5 yaks
  A wyvern (D:10)
  A water moccasin (Lair:1)
  An ice beast (D:8)
  A black bear (Lair:1)
  A bullfrog (D:8)
  A gnoll bouda (D:9)
  An orc wizard (D:10)
  A gnoll (D:10)
  4 orcs
21 creatures vanquished.

Vanquished Creatures (others)
  A human zombie (D:6)
  A spectral shadow imp (D:6)
  A wyvern zombie (D:9)
  A yak zombie (Lair:1)
  A centaur zombie (D:8)
  A basilisk zombie (D:10)
  A black bear zombie (D:6)
  2 bullfrog zombies
  An ice beast zombie (D:8)
  6 killer bee zombies
  A sky beast zombie (D:7)
  A steam dragon zombie (D:9)
  8 gnoll zombies
  2 kobold zombies (D:9)
  9 orc zombies
  3 plants
  2 withered plants (D:9)
42 creatures vanquished.

Grand Total: 264 creatures vanquished

Notes
Turn   | Place    | Note
-------+----------+-------------------------------------------
     0 | D:1      | promet the Minotaur Fighter began the quest for the Orb.
     0 | D:1      | Reached XP level 1. HP: 19/19 MP: 0/0
   622 | D:1      | Reached XP level 2. HP: 27/27 MP: 1/1
  1195 | D:1      | Found a faded altar of an unknown god.
  1473 | D:2      | You fall into a shaft and drop 2 floors!
  1487 | D:4      | Reached XP level 3. HP: 29/34 MP: 2/2
  1965 | D:3      | Reached XP level 4. HP: 41/41 MP: 3/3
  2019 | D:3      | Reached skill level 1 in Ranged Weapons
  2669 | D:4      | Reached skill level 5 in Fighting
  2669 | D:4      | Reached XP level 5. HP: 48/48 MP: 4/4
  2827 | D:4      | Noticed a lemure
  2827 | D:4      | Noticed a lemure
  2828 | D:4      | Noticed a lemure
  2907 | D:4      | Noticed Pikel
  2911 | D:4      | Noticed a lemure
  2916 | D:4      | Killed Pikel
  2917 | D:4      | Reached skill level 5 in Axes
  2917 | D:4      | Reached skill level 5 in Armour
  2917 | D:4      | Reached skill level 1 in Dodging
  2917 | D:4      | Reached XP level 6. HP: 33/58 MP: 5/5
  2917 | D:4      | Reached XP level 7. HP: 36/64 MP: 6/6
  3118 | D:4      | Found Buloy's General Store.
  3121 | D:4      | Found Baycowaph's Specific Store.
  3129 | D:4      | Bought a scroll of enchant weapon for 90 gold pieces
  3315 | D:4      | Found a glowing golden altar of the Shining One.
  3401 | D:5      | Entered Level 5 of the Dungeon
  3603 | D:5      | Found a glowing drain.
  3615 | Sewer    | Entered a sewer
  3703 | Sewer    | Reached skill level 1 in Throwing
  3818 | D:5      | Found a staircase to the Ecumenical Temple.
  3825 | D:5      | Noticed Blork the orc
  3832 | D:5      | Killed Blork the orc
  4108 | D:5      | Reached XP level 8. HP: 70/71 MP: 7/7
  4153 | D:5      | Noticed Sigmund
  4155 | D:5      | Killed Sigmund
  4285 | D:5      | Found Fejon's General Store.
  4300 | D:5      | Bought a scroll of teleportation for 39 gold pieces
  4456 | Temple   | Entered the Ecumenical Temple
  4478 | Temple   | Became a worshipper of Yredelemnul the Dark
  4619 | D:6      | Found a bloodstained altar of Trog.
  4643 | D:6      | Noticed Prince Ribbit
  4727 | D:6      | Reached * piety under Yredelemnul
  4746 | D:6      | Reached skill level 1 in Polearms
  4805 | D:6      | Noticed Grinder
  4818 | D:6      | Paralysed by Grinder for 2 turns
  4825 | D:6      | Killed Grinder
  4883 | D:6      | Your ally Grinder died
  4900 | D:6      | Killed Prince Ribbit
  4901 | D:6      | Reached skill level 1 in Evocations
  5151 | D:6      | Reached XP level 9. HP: 82/82 MP: 8/8
  5159 | D:6      | Noticed Maggie
  5163 | D:6      | Your ally Prince Ribbit died
  5184 | D:6      | Killed Maggie
  6417 | D:7      | Identified the +1 robe of Watchfulness {rF+ rC+ Str-5}
  6639 | D:7      | Gained mutation: Your body sometimes deteriorates upon
                  | taking damage. [potion of mutation]
  6639 | D:7      | Gained mutation: You are clumsy. (Dex -2) [potion of
                  | mutation]
  6766 | D:7      | Found a shadowy altar of Dithmenos.
  6927 | D:7      | Reached skill level 10 in Fighting
  6927 | D:7      | Reached skill level 5 in Polearms
  7133 | D:8      | Reached XP level 10. HP: 93/93 MP: 9/9
  7303 | D:8      | Noticed Joseph
  7324 | D:8      | Killed Joseph
  8018 | D:8      | Noticed Psyche
  8047 | D:8      | Killed Psyche
  8209 | D:8      | Reached ** piety under Yredelemnul
  8432 | D:9      | Reached skill level 1 in Stealth
  9019 | D:5      | Bought a potion of mutation for 104 gold pieces
  9019 | D:5      | Lost mutation: Your body sometimes deteriorates upon taking
                  | damage. [potion of mutation]
  9019 | D:5      | Lost mutation: You are clumsy. (Dex -2) [potion of
                  | mutation]
  9019 | D:5      | Gained mutation: You are strong-willed. (Will+) [potion of
                  | mutation]
  9019 | D:5      | Gained mutation: You passively map a small area around you.
                  | [potion of mutation]
  9741 | D:9      | Noticed a tengu warrior
  9760 | D:9      | Killed a tengu warrior
  9761 | D:9      | Reached skill level 10 in Polearms
 10272 | D:9      | Reached XP level 11. HP: 72/102 MP: 10/10
 10643 | D:9      | Found an ancient bone altar of Kikubaaqudgha.
 10746 | D:10     | Entered Level 10 of the Dungeon
 10847 | D:10     | Found Vualapt's Overcharged Wands.
 11253 | D:10     | Reached skill level 10 in Armour
 11362 | D:10     | Noticed Erica
 11371 | D:10     | Killed Erica
 11913 | D:10     | Found a staircase to the Lair.
 12618 | Lair:1   | Entered Level 1 of the Lair of Beasts
 12958 | Lair:1   | Reached skill level 1 in Long Blades
 13795 | Lair:2   | Slain by an ice devil

Illustrated notes

Levels and vault maps discovered:
D:1:      dpeg_arrival_arbitrary_b, layout_loops_ring, serial_rivers,
          chequers_serial_rivers_micro_d, chequers_serial_rivers_small_3,
          chequers_serial_rivers_marsh, chequers_serial_rivers_small_b,
          ebering_ecumenical_altar_hall, dreamdust_princess_bridge,
          serial_bayou_lagoon_a, chequers_serial_rivers_micro_d
D:2:      layout_basic, basic_altar, grunt_ministairs_10
D:3:      layout_basic
D:4:      layout_cave_pools, lemuel_round_altar, nicolae_specific_store,
          uniq_pikel
D:5:      layout_gridville, minmay_temple_entry_water_ring, serial_shops, shop,
          portal_sewer_entry_f, uniq_sigmund, uniq_blork_the_orc
D:6:      layout_basic, trog_book, minmay_misc_feat_rows, uniq_grinder,
          uniq_prince_ribbit1, uniq_maggie
D:7:      layout_rooms, mainiacjoe_overflow_catwalk, kennysheep_windowed_goal
D:8:      layout_gridville, uniq_psyche, uniq_joseph
D:9:      layout_loops_corners, lemuel_zombie_altar_kikubaaqudgha,
          serial_undead, serial_undead_c, serial_undead_d, serial_undead_e,
          serial_undead_d, minivault_25_ag, lightli_fourway_metalbox
D:10:     layout_gridville, erik_lair_dragon, nicolae_shop_overcharged_wands,
          uniq_erica
D:11:     layout_cave_pools, portal_ice_cave_entry_animals_and_master,
          nicolae_figureground_pulse, uniq_gastronok
Temple:   eino_narrow_crystal_temple
Lair:1:   layout_concentric_octagons, lemuel_fruit_tree
Lair:2:   dreamdust_isle_of_ice, layout_hall_layers, minmay_swamp_entry_worms,
          amcnicky_altar_lugonu_corruption, serial_bayou_shore_a

Skill      XL: |  1  2  3  4  5  6  7  8  9 10 11 |
---------------+----------------------------------+-----
Fighting       | 4 5 6 8 10 11 | 11.7
Axes           | 3 5 6 7 8 |  8.6
Armour         | 4 5 6 7 8 9 11 | 11.1
Ranged Weapons | 1 2 3 4 |  4.0
Dodging        | 1 2 3 4 |  4.1
Shields        | 4 |  4.1
Throwing       | 1 2 |  2.3
Polearms       | 2 6 10 11 | 11.9
Evocations     | 1 |  1.1
Stealth        | 1 |  1.2
Long Blades    | 1 |  1.8
Unarmed Combat | |  0.1
Invocations    | |  0.7

Action                   |  1- 3 |  4- 6 |  7- 9 | 10-12 || total
-------------------------+-------+-------+-------+-------++-------
Melee: War axe           |    50 |    27 |    92 |    46 ||   215
       Headbutt          |     2 |     3 |    25 |    51 ||    81
       Halberd           |       |       |    63 |   175 ||   238
       Spear             |       |       |    14 |       ||    14
       Short sword       |       |       |     2 |       ||     2
       Unarmed           |       |       |       |     7 ||     7
       Scimitar          |       |       |       |    27 ||    27
       Trident           |       |       |       |    12 ||    12
       Punch             |       |       |       |     3 ||     3
 Fire: Sling             |     7 |     5 |     6 |       ||    18
       Shortbow          |       |       |       |    16 ||    16
Throw: Dart              |       |     3 |     4 |     2 ||     9
       Stone             |       |       |     2 |       ||     2
       Boomerang         |       |       |       |     6 ||     6
Invok: Recall Undead Har |       |       |     1 |     1 ||     2
       Dark Bargain      |       |       |       |     5 ||     5
Evoke: Wand              |       |     2 |     6 |     8 ||    16
  Use: Scroll            |     6 |     1 |    12 |     6 ||    25
       Potion            |       |       |     5 |     7 ||    12
 Stab: Distracted        |       |       |       |     2 ||     2
Armor: Scale mail        |    16 |       |       |       ||    16
       Chain mail        |       |    14 |    72 |   159 ||   245
       Skin              |       |       |    13 |       ||    13
Dodge: Dodged            |    27 |     3 |    56 |   116 ||   202
Block: Buckler           |     7 |     4 |     4 |       ||    15
